Map: Fields of Death

Players

Ares - Winner!

  • Race: Zerg Zerg
  • Spawn Location: 12:00

CranK

  • Race: Protoss Protoss
  • Spawn Location: 6:00

True

  • Race: Zerg Zerg
  • League: Grandmaster
  • Spawn Location: 7:00

Larry - Winner!

  • Race: Protoss Protoss
  • League: Grandmaster
  • Spawn Location: 12:00

VOD

Have the link to the VOD?

Description

Time

  • Played on: Aug. 23, 2016, 2:21 p.m.
  • Length: 14:54
Show
View Real Time Build Order
Export as new Build Order

Ares Zerg - Winner!

Build Orders: Hatch First 

Get SALT Encoding   

  12  0:00  Drone  
  13  0:12  Overlord  
  13  0:17  Drone  
  14  0:30  Drone x2  
  14  0:34  Drone  
  17  0:56  Drone  
  18  0:57  Hatchery  
  18  1:00  Drone  
  18  1:10  Extractor  
  17  1:18  Spawning Pool, Drone  
  17  1:23  Drone  
  18  1:33  Drone  
  18  1:38  Overlord  
  19  1:50  Drone  
  20  2:01  Drone  
  20  2:04  Queen  
  23  2:09  Queen  
  23  2:10  Drone  
  23  2:11  Drone  
  27  2:16  Metabolic Boost  
  27  2:21  Drone x2  
  29  2:31  Overlord  
  29  2:35  Baneling Nest  
  29  2:36  Drone  
  29  2:42  Drone  
  30  2:55  Drone  
  30  2:56  Drone x2  
  33  3:03  Drone  
  34  3:07  Drone, Roach Warren  
  34  3:11  Lair  
  34  3:13  Drone, Extractor  
  34  3:15  Drone x2  
  34  3:16  Drone  
  37  3:21  Overlord  
  37  3:31  Overlord  
  37  3:35  Drone  
  37  3:36  Drone x2  
  37  3:38  Drone  
  37  3:39  Drone  
  42  3:45  Drone  
  42  3:46  Drone x2  
  45  3:49  Extractor  
  45  3:51  Drone, Evolution Chamber  
  45  3:53  Evolution Chamber  
  43  3:56  Roach  
  43  3:58  Roach  
  43  4:01  Roach  
  49  4:03  Roach  
  49  4:06  Roach  
  49  4:09  Roach  
  55  4:11  Glial Reconstitution  
  55  4:18  Drone  
  55  4:19  Drone  
  57  4:25  Zerg Missile Weapons Level 1  
  57  4:27  Drone x3  
  57  4:28  Extractor  
  59  4:32  Drone  
  59  4:34  Overlord  
  60  4:42  Zerg Ground Armor Level 1  
  60  4:43  Overlord  
  60  4:54  Roach x4  
  60  4:59  Spore Crawler  
  67  5:01  Spore Crawler, Drone x2  
  67  5:02  Drone  
  69  5:10  Overlord  
  69  5:14  Overlord  
  69  5:19  Overlord  
  69  5:26  Overlord  
  69  5:28  Queen  
  71  5:37  Roach x2  
  71  5:38  Roach x2  
  71  5:41  Overlord  
  79  5:52  Overlord  
  79  5:54  Queen  
  81  5:58  Overlord  
  81  6:04  Overlord  
  81  6:07  Queen  
  81  6:11  Roach  
  85  6:19  Zerg Missile Weapons Level 2  
  85  6:25  Overlord  
  85  6:30  Queen  
  87  6:37  Zerg Ground Armor Level 2  
  87  6:40  Overlord  
  87  6:43  Roach x3  
  87  6:46  Roach  
  95  6:51  Roach  
  97  6:54  Roach x2  
  97  6:55  Roach  
  97  7:00  Overlord  
  103  7:09  Nydus Network, Queen  
  103  7:15  Overlord  
  104  7:16  Queen  
  104  7:21  Roach  
  104  7:22  Roach  
  110  7:24  Roach  
  110  7:27  Roach  
  114  7:35  Roach x3  
  120  7:38  Overlord  
  120  7:40  Roach  
  120  7:42  Roach  
  122  7:50  Nydus Canal  
  122  7:51  Roach x3  
  128  7:54  Roach  
  128  7:56  Roach  
  132  7:59  Ravager  
  132  8:03  Roach x2  
  136  8:08  Nydus Canal  
  136  8:09  Roach  
  136  8:11  Roach  
  140  8:20  Overlord  
  140  8:31  Overlord  
  140  8:34  Nydus Canal  
  140  8:38  Overlord  
  140  8:40  Roach x2  
  140  8:41  Roach x2  
  148  8:56  Nydus Canal  
  148  8:57  Roach x5  
  148  8:58  Roach x2  
  148  9:00  Roach  
  164  9:06  Overlord  
  164  9:17  Nydus Canal  
  164  9:29  Roach x2  
  168  9:33  Roach x2  
  168  9:50  Roach x3  
  152  9:56  Roach x2  
  152  9:57  Nydus Canal  
  142  10:03  Roach x2  
  142  10:05  Roach x6  
  150  10:16  Roach  
  150  10:21  Roach x2  
  150  10:22  Roach x2  
  150  10:24  Roach x2  
  162  10:30  Roach x2  
  162  10:42  Roach x2  
  158  10:50  Roach x2  
  158  10:54  Overlord  
  146  11:15  Roach x2  
  146  11:16  Roach x5  
  146  11:24  Roach  
  140  11:26  Nydus Canal  
  128  11:34  Roach x4  
  128  11:35  Roach  
  128  11:36  Roach  
  130  11:45  Roach x2  
  108  12:03  Roach  
  108  12:04  Roach x4  
  108  12:06  Roach  
  118  12:14  Roach  
  118  12:21  Roach  
  96  12:42  Hatchery  
  91  12:58  Roach x2  
  91  12:59  Roach x2  
  91  13:01  Roach  
  99  13:06  Roach x2  
  99  13:10  Roach  
  105  13:19  Roach  
  107  13:25  Roach  
  109  13:31  Roach  
  109  13:43  Roach x2  
  103  13:50  Roach  
Show
View Real Time Build Order
Export as new Build Order

CranK Protoss 

Build Orders:  

Get SALT Encoding   

  12  0:01  Probe (Chrono Boost)  
  13  0:11  Probe (Chrono Boost)  
  14  0:17  Pylon  
  14  0:24  Probe (Chrono Boost)  
  15  0:37  Gateway  
  15  0:39  Probe (Chrono Boost)  
  16  0:45  Assimilator  
  16  0:49  Probe (Chrono Boost)  
  17  0:53  Assimilator  
  17  1:00  Probe (Chrono Boost)  
  18  1:12  Probe (Chrono Boost)  
  19  1:22  Probe (Chrono Boost)  
  19  1:24  Zealot (Chrono Boost), Pylon  
  22  1:34  Probe  
  23  1:46  Probe  
  24  1:48  Zealot (Chrono Boost)  
  26  1:56  Assimilator  
  26  1:59  Probe  
  27  2:09  Cybernetics Core  
  27  2:29  Probe  
  23  2:32  Zealot (Chrono Boost)  
  22  2:41  Probe  
  23  2:53  Probe  
  24  2:58  Assimilator  
  24  3:05  Probe  
  24  3:12  Adept (Chrono Boost)  
  27  3:13  Gateway  
  27  3:17  Probe  
  28  3:30  Probe  
  29  3:36  Stargate  
  29  3:42  Probe  
  30  3:57  Nexus  
  30  4:08  Probe (Chrono Boost)  
  31  4:11  Pylon  
  31  4:25  Stargate  
  31  4:30  Phoenix (Chrono Boost)  
  33  4:32  Warp Gate  
  33  4:34  Probe  
  34  4:46  Probe  
  35  4:53  Assimilator  
  35  4:54  Phoenix (Chrono Boost)  
  35  4:58  Probe, Assimilator  
  38  5:03  Pylon  
  38  5:11  Probe  
  39  5:14  Phoenix (Chrono Boost)  
  41  5:23  Probe x2  
  45  5:28  Phoenix (Chrono Boost)  
  45  5:38  Probe  
  45  5:39  Probe  
  47  5:44  Phoenix (Chrono Boost)  
  49  5:57  Probe  
  49  5:58  Probe  
  49  6:01  Phoenix (Chrono Boost)  
  49  6:03  Pylon  
  53  6:10  Probe x2  
  55  6:21  Fleet Beacon  
  55  6:30  Phoenix x2 (Chrono Boost), Stargate  
  55  6:31  Probe x2  
  55  6:32  Pylon  
  61  6:40  Pylon  
  61  6:43  Probe x2  
  61  6:55  Phoenix x2 (Chrono Boost)  
  65  7:03  Probe  
  65  7:04  Probe  
  65  7:07  Anion Pulse-Crystals (Chrono Boost)  
  67  7:11  Pylon  
  69  7:17  Phoenix x2 (Chrono Boost)  
  69  7:18  Phoenix (Chrono Boost)  
  69  7:21  Pylon x2  
  73  7:36  Phoenix (Chrono Boost)  
  73  7:38  Phoenix (Chrono Boost)  
  73  7:40  Phoenix (Chrono Boost)  
  73  7:56  Phoenix  
  73  8:02  Phoenix  
  73  8:04  Phoenix  
  73  8:05  Mothership Core  
  81  8:08  Stalker x2  
  83  8:18  Phoenix  
  67  8:29  Phoenix x2  
  69  8:40  Phoenix  
  71  8:54  Phoenix x2  
  73  9:02  Phoenix  
  73  9:05  Nexus  
  75  9:19  Phoenix x2  
  75  9:23  Phoenix  
  78  9:30  Probe x2  
  80  9:44  Phoenix x2  
  80  9:45  Phoenix  
  78  10:07  Phoenix  
  68  10:09  Phoenix x2  
  68  10:11  Zealot x2  
  68  10:28  Phoenix  
  68  10:33  Phoenix  
  74  10:40  Mothership Core  
  74  10:41  Zealot x2  
  80  10:45  Probe x2  
  82  10:53  Phoenix  
  84  10:57  Void Ray (Chrono Boost)  
  86  11:09  Zealot x2  
  86  11:19  Void Ray (Chrono Boost)  
  86  11:20  Void Ray (Chrono Boost)  
  88  11:42  Void Ray (Chrono Boost)  
  88  11:46  Zealot  
  92  11:58  Void Ray (Chrono Boost)  
  92  12:04  Zealot  
  94  12:13  Probe x2  
  94  12:14  Pylon  
  75  12:20  Phoenix (Chrono Boost)  
  75  12:21  Phoenix (Chrono Boost)  
  66  12:35  Phoenix (Chrono Boost)  
  62  12:44  Phoenix x2 (Chrono Boost)  
  62  12:49  Probe x3  
  65  13:03  Phoenix (Chrono Boost)  
  66  13:13  Probe  
  67  13:24  Phoenix (Chrono Boost)  
  69  13:35  Phoenix (Chrono Boost)  
Show
View Real Time Build Order
Export as new Build Order

True Zerg 

Build Orders: Hatch First 

Get SALT Encoding   

  12  0:00  Drone  
  13  0:09  Drone  
  14  0:33  Hatchery  
  13  0:38  Drone  
  14  0:44  Overlord  
  14  1:01  Spawning Pool  
  13  1:05  Drone  
  13  1:10  Drone  
  15  1:13  Drone  
  15  1:18  Extractor  
  15  1:36  Drone  
  16  1:48  Zergling x4  
  16  1:50  Zergling x2  
  19  1:55  Zergling x2  
  19  1:58  Queen  
  22  2:07  Zergling x6  
  25  2:16  Queen  
  28  2:22  Zergling x2  
  28  2:34  Drone, Overlord  
  27  2:38  Drone  
  28  2:53  Drone x4  
  28  2:57  Drone  
  33  3:09  Baneling Nest  
  32  3:20  Drone x2  
  32  3:21  Drone  
  32  3:24  Drone  
  36  3:30  Overlord  
  36  3:40  Overlord  
  36  3:49  Drone x4  
  36  3:50  Drone x2  
  42  3:57  Drone, Overlord  
  42  3:58  Drone  
  42  4:00  Drone  
  45  4:03  Drone  
  45  4:06  Drone  
  45  4:07  Drone  
  45  4:09  Drone  
  49  4:14  Lair  
  49  4:16  Extractor  
  48  4:19  Roach Warren  
  48  4:23  Drone x2  
  50  4:24  Drone  
  50  4:27  Extractor  
  50  4:30  Evolution Chamber, Drone  
  49  4:32  Drone  
  49  4:33  Drone  
  49  4:34  Drone  
  49  4:36  Drone  
  49  4:37  Drone  
  54  4:54  Overlord  
  54  4:59  Roach x3, Zerg Missile Weapons Level 1  
  60  5:02  Overlord  
  60  5:05  Baneling x4  
  60  5:07  Overlord  
  60  5:13  Roach, Glial Reconstitution  
  60  5:14  Roach x3  
  66  5:17  Overlord  
  66  5:21  Roach  
  70  5:23  Roach  
  70  5:26  Roach  
  74  5:33  Overlord  
  74  5:38  Overseer  
  74  5:49  Hatchery  
  73  5:52  Drone x3  
  73  5:54  Extractor  
  73  5:55  Roach x4  
  83  5:57  Overlord  
  83  6:05  Overlord  
  83  6:09  Overlord  
  83  6:13  Overlord  
  83  6:34  Drone x5  
  88  6:41  Overlord  
  88  6:47  Infestation Pit  
  88  6:50  Drone x4  
  88  6:51  Drone x2  
  93  6:57  Zerg Missile Weapons Level 2  
  93  7:01  Overlord  
  93  7:05  Drone x3  
  93  7:06  Extractor  
  95  7:08  Extractor  
  94  7:24  Pathogen Glands, Hatchery  
  93  7:34  Drone x7  
  93  7:35  Drone x2  
  100  7:46  Overlord x3  
  100  7:49  Overlord  
  100  7:52  Roach x3  
  100  7:57  Roach  
  106  8:00  Roach  
  106  8:02  Roach  
  106  8:04  Roach x3  
  108  8:06  Roach  
  108  8:07  Roach  
  108  8:10  Roach  
  108  8:13  Infestor  
  108  8:19  Baneling x2  
  110  8:20  Baneling x3  
  110  8:21  Roach  
  112  8:30  Queen x2  
  116  8:38  Roach  
  116  8:39  Roach x7  
  132  8:42  Roach x2  
  132  8:46  Roach  
  136  8:53  Roach  
  136  8:54  Roach x2  
  141  8:56  Extractor x2, Drone x2  
  141  8:57  Drone  
  141  8:58  Drone  
  143  9:04  Queen  
  143  9:07  Overseer  
  143  9:08  Infestor x2  
  149  9:10  Drone x3  
  149  9:14  Roach x2  
  156  9:19  Roach  
  156  9:21  Roach  
  160  9:26  Roach x2  
  160  9:30  Infestor  
  166  9:32  Infestor  
  166  9:35  Roach x2  
  166  9:37  Roach  
  174  9:39  Roach  
  174  9:42  Roach x2  
  174  9:43  Roach  
  174  9:44  Roach  
  179  9:49  Roach  
  157  9:52  Roach  
  157  9:53  Roach  
  157  9:54  Roach  
  157  9:57  Roach  
  133  10:04  Roach  
  111  10:09  Roach x4  
  111  10:11  Roach  
  111  10:12  Roach  
  111  10:13  Roach  
  111  10:14  Roach  
  113  10:16  Roach  
  101  10:21  Roach  
  101  10:24  Roach x2  
  101  10:26  Roach  
  97  10:34  Roach  
  97  10:35  Queen x2  
  96  10:36  Roach  
  96  10:37  Roach  
  96  10:39  Hatchery  
  85  10:45  Roach  
  85  10:46  Roach  
  85  10:48  Roach  
  85  10:49  Roach  
  79  10:50  Roach x2  
  79  10:51  Roach x2  
  79  10:52  Roach  
  89  10:57  Roach  
  89  10:59  Ravager  
  89  11:00  Ravager x2  
  89  11:01  Roach  
  96  11:08  Roach  
  88  11:15  Roach  
  73  11:18  Roach  
  73  11:19  Roach x2  
  73  11:21  Roach x2  
  73  11:22  Roach x2  
  75  11:26  Roach  
  75  11:31  Roach  
  69  11:35  Roach  
  60  11:41  Roach  
  49  11:49  Roach  
  49  11:54  Roach  
  45  11:57  Roach  
  36  12:04  Roach  
  36  12:05  Roach x2  
  36  12:06  Roach  
  36  12:08  Roach  
  40  12:14  Roach  
  38  12:19  Roach  
  36  12:24  Roach  
  38  12:33  Roach  
  39  12:38  Roach  
  41  12:45  Roach  
  43  12:53  Roach  
  45  13:03  Roach  
  47  13:10  Roach  
  49  13:19  Roach  
  51  13:26  Roach  
  53  13:33  Roach  
  51  13:43  Roach  
Show
View Real Time Build Order
Export as new Build Order

Larry Protoss - Winner!

Build Orders: Cannon Rush 

Get SALT Encoding   

  12  0:00  Probe (Chrono Boost)  
  13  0:11  Probe (Chrono Boost)  
  14  0:19  Pylon  
  14  0:22  Probe (Chrono Boost)  
  15  0:37  Probe (Chrono Boost)  
  16  0:43  Forge  
  16  0:48  Probe (Chrono Boost)  
  17  0:58  Probe (Chrono Boost)  
  17  1:01  Pylon  
  18  1:07  Pylon  
  18  1:08  Pylon  
  18  1:26  Photon Cannon  
  18  1:30  Pylon  
  18  1:31  Pylon  
  18  1:36  Pylon  
  18  1:53  Photon Cannon  
  18  1:55  Photon Cannon  
  18  1:56  Photon Cannon  
  18  1:59  Photon Cannon  
  17  2:11  Photon Cannon  
  18  2:15  Probe (Chrono Boost)  
  18  2:22  Photon Cannon  
  18  2:33  Photon Cannon  
  18  2:34  Gateway  
  18  2:36  Pylon  
  18  2:53  Probe (Chrono Boost)  
  18  2:56  Photon Cannon  
  18  2:58  Gateway  
  19  2:59  Pylon  
  19  3:04  Pylon  
  19  3:07  Probe (Chrono Boost)  
  19  3:21  Probe (Chrono Boost)  
  19  3:23  Assimilator  
  19  3:25  Cybernetics Core  
  19  3:26  Photon Cannon, Assimilator  
  20  3:30  Gateway  
  20  3:32  Probe (Chrono Boost)  
  21  3:46  Nexus  
  21  3:49  Probe (Chrono Boost)  
  22  3:59  Probe (Chrono Boost)  
  23  4:15  Pylon  
  23  4:18  Stargate  
  23  4:33  Probe (Chrono Boost)  
  24  4:40  Assimilator  
  24  4:43  Probe (Chrono Boost)  
  25  4:54  Probe (Chrono Boost)  
  25  4:58  Stargate  
  26  5:04  Probe x2, Phoenix (Chrono Boost)  
  30  5:13  Stargate  
  30  5:16  Probe  
  30  5:17  Probe  
  32  5:26  Phoenix (Chrono Boost)  
  34  5:28  Probe x2  
  36  5:37  Fleet Beacon  
  36  5:39  Probe  
  36  5:40  Probe  
  38  5:49  Phoenix (Chrono Boost)  
  40  5:54  Probe, Phoenix (Chrono Boost)  
  40  5:55  Probe  
  44  5:58  Assimilator  
  44  5:59  Pylon  
  44  6:08  Probe  
  45  6:15  Probe  
  45  6:18  Phoenix (Chrono Boost)  
  48  6:20  Probe, Phoenix (Chrono Boost)  
  48  6:22  Phoenix (Chrono Boost)  
  53  6:27  Probe  
  53  6:30  Pylon  
  53  6:32  Anion Pulse-Crystals (Chrono Boost)  
  54  6:42  Pylon  
  54  6:46  Probe  
  54  6:48  Probe  
  47  6:55  Phoenix  
  47  6:58  Probe, Phoenix  
  47  7:00  Probe  
  53  7:06  Phoenix (Chrono Boost)  
  55  7:11  Probe  
  56  7:17  Probe  
  56  7:21  Phoenix (Chrono Boost)  
  59  7:23  Probe, Pylon  
  60  7:30  Phoenix (Chrono Boost)  
  62  7:45  Phoenix (Chrono Boost)  
  62  7:48  Phoenix (Chrono Boost)  
  66  7:56  Phoenix (Chrono Boost)  
  68  8:07  Phoenix (Chrono Boost)  
  70  8:13  Phoenix (Chrono Boost)  
  70  8:19  Phoenix (Chrono Boost)  
  60  8:21  Probe  
  60  8:22  Probe  
  54  8:34  Probe  
  53  8:36  Probe  
  53  8:38  Phoenix (Chrono Boost)  
  53  8:40  Pylon  
  56  8:42  Pylon  
  56  8:46  Probe  
  57  8:55  Phoenix (Chrono Boost)  
  57  8:57  Probe, Phoenix (Chrono Boost)  
  57  8:59  Probe  
  57  9:01  Phoenix (Chrono Boost), Pylon  
  61  9:08  Pylon  
  63  9:17  Phoenix (Chrono Boost)  
  65  9:26  Phoenix (Chrono Boost)  
  65  9:28  Phoenix (Chrono Boost)  
  67  9:40  Phoenix (Chrono Boost)  
  71  9:53  Phoenix (Chrono Boost)  
  65  10:05  Phoenix (Chrono Boost)  
  59  10:08  Phoenix (Chrono Boost)  
  57  10:16  Phoenix (Chrono Boost)  
  59  10:25  Probe  
  59  10:27  Phoenix (Chrono Boost)  
  56  10:31  Pylon  
  58  10:37  Phoenix (Chrono Boost)  
  58  10:43  Phoenix (Chrono Boost)  
  58  10:48  Phoenix (Chrono Boost)  
  62  11:02  Phoenix (Chrono Boost)  
  62  11:05  Phoenix (Chrono Boost)  
  62  11:10  Phoenix (Chrono Boost)  
  60  11:25  Phoenix (Chrono Boost)  
  60  11:26  Phoenix (Chrono Boost)  
  60  11:30  Probe  
  63  11:34  Warp Gate (Chrono Boost)  
  63  11:36  Twilight Council  
  63  11:37  Phoenix  
  65  11:50  Probe  
  66  11:56  Probe  
  66  11:58  Phoenix x3  
  73  12:08  Probe  
  74  12:20  Phoenix  
  74  12:23  Phoenix x2  
  80  12:33  Probe  
  81  12:42  Phoenix (Chrono Boost)  
  81  12:48  Phoenix x2 (Chrono Boost)  
  87  13:11  Phoenix (Chrono Boost)  
  87  13:12  Phoenix x2 (Chrono Boost)  
  93  13:34  Phoenix x2 (Chrono Boost)  
  99  13:36  Phoenix (Chrono Boost)  
  77  13:55  Phoenix (Chrono Boost)  
  77  14:01  Phoenix (Chrono Boost)  
Tags
 
Add a new tag
Caveats
  • Supply blocks, unpowered buildings, or Contaminate may cause inaccurate times.
  • Supply counts are checked every 10 seconds.